[Event "Titled Tuesday Blitz February 28 Late 2023"]
[White "Ward, Ieuan C"]
[Black "Prydun, Andriy"]
[WhiteFideId "406627"]
[BlackFideId "14145898"]
[WhiteElo "2321"]
[BlackElo "2164"]
[Result "1-0"]
[Round "06"]
[TimeControl "180+2"]
[Date "2023.02.28"]
[WhiteClock "0:01:06"]
[BlackClock "0:01:17"]

1. d4 Nf6 2. c4 c5 3. d5 e6 4. Nc3 exd5 5. cxd5 d6 6. e4 g6 7. Bb5+ Nfd7 8. Nf3 a6 9. Bxd7+ Bxd7 10. O-O Bg4 11. a4 Nd7 12. h3 h5 13. hxg4 hxg4 14. Ng5 Ne5 15. f4 gxf3 16. Nxf3 Bg7 17. Bg5 Nxf3+ 18. Qxf3 Bd4+ 19. Be3 Qh4 20. Bxd4 cxd4 21. Qxf7+ Kd8 22. Ne2 d3 23. Nd4 Qh2+ 24. Kf2 Qh4+ 25. Ke3 1-0


[Site "https://www.chess.com"]

[Event "Titled Tuesday Blitz February 28 Late 2023"]
[White "Sokac, Marko"]
[Black "Romero Ruscalleda, Josep"]
[WhiteFideId "14531356"]
[BlackFideId "2231859"]
[WhiteElo "2355"]
[BlackElo "2183"]
[Result "1-0"]
[Round "06"]
[TimeControl "180+2"]
[Date "2023.02.28"]
[WhiteClock "0:00:19"]
[BlackClock "0:00:20"]

1. e4 g6 2. h4 h5 3. d4 d6 4. Nc3 Nd7 5. Be3 Bg7 6. Qd2 Ngf6 7. f3 c5 8. Nge2 cxd4 9. Nxd4 Nc5 10. Be2 Qa5 11. Ncb5 Qxd2+ 12. Bxd2 Kd8 13. b4 Ne6 14. Nxe6+ Bxe6 15. Nd4 Bd7 16. c3 Rc8 17. O-O Ne8 18. Rac1 Nc7 19. Be3 b6 20. Rfd1 Ne6 21. Ba6 Rc7 22. a4 Bxa4 23. Re1 Nxd4 24. cxd4 b5 25. Rxc7 Kxc7 26. d5 Rb8 27. Rc1+ Kd7 28. Rc6 Bb2 29. Bxa7 Ra8 30. Be3 Bc3 31. Bxb5 Bxb5 32. Rxc3 Ra1+ 33. Kh2 Rb1 34. Bb6 Rxb4 35. Rc7+ Ke8 36. Rc8+ Kd7 37. Rd8# 1-0


[Site "https://www.chess.com"]

[Event "Titled Tuesday Blitz February 28 Late 2023"]
[White "Smith, Garrett L"]
[Black "Kalajzic, Ivan"]
[WhiteFideId "2024829"]
[BlackFideId "14506378"]
[WhiteElo "2292"]
[BlackElo "2203"]
[Result "1-0"]
[Round "06"]
[TimeControl "180+2"]
[Date "2023.02.28"]
[WhiteClock "0:01:03"]
[BlackClock "0:00:14"]

1. e4 Nc6 2. d4 e5 3. dxe5 Nxe5 4. Qd4 Qf6 5. Nc3 c6 6. f4 Ng6 7. e5 Qe6 8. Nf3 h6 9. Bd3 d5 10. f5 Qe7 11. fxg6 Be6 12. Bf4 Qb4 13. Qxb4 Bxb4 14. Bd2 Ne7 15. gxf7+ Kxf7 16. O-O-O Rhf8 17. Nd4 Bg4 18. Rde1 a6 19. h3 Bh5 20. e6+ Kg8 21. g4 Bg6 22. Bxg6 Nxg6 23. Nf5 Ne7 24. Rhf1 Kh7 25. a3 Bc5 26. b4 Nxf5 27. Rxf5 Be7 28. Ref1 Bf6 29. Na4 Rfe8 30. Re1 Re7 31. Nc5 Rae8 32. Rf3 Bd4 33. Bc3 Bxc5 34. bxc5 Rxe6 35. Rxe6 Rxe6 36. Rf7 Rg6 37. Rxb7 h5 38. gxh5 Rg3 39. Kb2 Kh6 40. Rc7 Kxh5 41. Rxc6 g5 42. Rc8 Rxh3 43. Rh8+ Kg4 44. Rxh3 Kxh3 45. c6 1-0


[Site "https://www.chess.com"]

[Event "Titled Tuesday Blitz February 28 Late 2023"]
[White "Senft, Sean"]
[Black "Yeritsyan, Hayk"]
[WhiteFideId "2044960"]
[BlackFideId "13307320"]
[WhiteElo "1989"]
[BlackElo "2471"]
[Result "1-0"]
[Round "06"]
[TimeControl "180+2"]
[Date "2023.02.28"]
[WhiteClock "0:01:12"]
[BlackClock "0:00:05"]

1. e4 c6 2. d4 d5 3. exd5 cxd5 4. Bd3 Nf6 5. Nc3 Nc6 6. Nge2 Bg4 7. f3 Bh5 8. Bf4 e6 9. Qd2 Bd6 10. a3 a6 11. h4 Bg6 12. O-O-O Bxd3 13. Qxd3 Bxf4+ 14. Nxf4 Qc7 15. Nce2 O-O 16. g4 Rac8 17. Kb1 e5 18. dxe5 Nxe5 19. Qb3 Nc4 20. g5 Nd7 21. Nxd5 Qe5 22. Nec3 b5 23. Rhe1 Qd6 24. Ne7+ Qxe7 25. Rxe7 Nc5 26. Qb4 Rc6 27. Nxb5 axb5 28. Qxb5 Rfc8 29. Qxc4 Ne6 30. Qxc6 Rxc6 31. Re8+ Nf8 32. Rdd8 g6 33. Rxf8+ Kg7 34. Rg8# 1-0


[Site "https://www.chess.com"]

[Event "Titled Tuesday Blitz February 28 Late 2023"]
[White "Clawitter, Craig"]
[Black "reevecanada"]
[WhiteFideId "2023105"]
[WhiteElo "2267"]
[BlackElo "2471"]
[Result "0-1"]
[Round "06"]
[TimeControl "180+2"]
[Date "2023.02.28"]
[WhiteClock "0:00:02"]
[BlackClock "0:00:44"]

1. e4 c5 2. Nf3 d6 3. d4 cxd4 4. Nxd4 Nf6 5. Nc3 a6 6. Be3 e5 7. Nb3 Be7 8. f3 Be6 9. Qd2 O-O 10. O-O-O Nbd7 11. g4 b5 12. Rg1 Nb6 13. Na5 Qc7 14. g5 Nfd7 15. Nd5 Nxd5 16. exd5 Bxd5 17. Qxd5 Qxa5 18. Bd3 Rac8 19. Kb1 Rc7 20. Rg4 Nb6 21. Qe4 g6 22. b4 Qa4 23. Bxb6 Rc4 24. Bxc4 bxc4 25. Qxc4 Rb8 26. Qc7 Qe8 27. Rc4 Kg7 28. h4 Ra8 29. Be3 Bf8 30. a3 a5 31. bxa5 Qb5+ 32. Rb4 Qe2 33. Rd3 Qxf3 34. Qb7 Qf1+ 35. Kb2 Rxa5 36. Bd2 Rc5 37. Rc3 Qe2 38. Rd3 e4 0-1


[Site "https://www.chess.com"]

[Event "Titled Tuesday Blitz February 28 Late 2023"]
[White "Cheng, Xiao"]
[Black "Einarsson, Halldor Gretar"]
[WhiteFideId "2022915"]
[BlackFideId "2300150"]
[WhiteElo "2470"]
[BlackElo "2126"]
[Result "1-0"]
[Round "06"]
[TimeControl "180+2"]
[Date "2023.02.28"]
[WhiteClock "0:01:31"]
[BlackClock "0:00:04"]

1. e4 c5 2. Nf3 Nc6 3. d4 cxd4 4. Nxd4 Nf6 5. Nc3 e5 6. Ndb5 d6 7. Bg5 a6 8. Na3 b5 9. Bxf6 gxf6 10. Nd5 f5 11. Bd3 Be6 12. Qh5 Bg7 13. c4 Bxd5 14. exd5 Qa5+ 15. Kf1 e4 16. Re1 Ne5 17. Be2 f4 18. cxb5 O-O 19. Qf5 f3 20. gxf3 exf3 21. Bxf3 Nxf3 22. Qxf3 axb5 23. Rg1 Rae8 24. Re3 b4 25. Nc4 Qxa2 26. Nxd6 Qb1+ 27. Kg2 Qg6+ 28. Kh1 Qxd6 29. Rd3 Re5 30. Rd4 1-0


[Site "https://www.chess.com"]

[Event "Titled Tuesday Blitz February 28 Late 2023"]
[White "De Souza, Cristiano Gomes"]
[Black "Vovk, Orest"]
[WhiteFideId "2151758"]
[BlackFideId "14113490"]
[WhiteElo "2068"]
[BlackElo "2215"]
[Result "0-1"]
[Round "06"]
[TimeControl "180+2"]
[Date "2023.02.28"]
[WhiteClock "0:00:17"]
[BlackClock "0:01:27"]

1. d4 e5 2. dxe5 Nc6 3. Nf3 Qe7 4. Bf4 Qb4+ 5. Bd2 Qxb2 6. Nc3 Bb4 7. Rb1 Qxc3 8. Bxc3 Bxc3+ 9. Nd2 Nxe5 10. e3 Nf6 11. Bd3 d5 12. O-O O-O 13. h3 c6 14. Nf3 Nxf3+ 15. Qxf3 b5 16. e4 dxe4 17. Bxe4 Nxe4 18. Qxe4 Be6 19. Qxc6 b4 20. Qa4 a5 21. Rfd1 g6 22. Rd3 Rfc8 23. Rbd1 Bg7 24. a3 bxa3 25. Qxa3 Bf5 26. Rd5 Bxc2 27. Rc1 a4 28. Rd2 Bb3 29. Rxc8+ Rxc8 30. Qe7 Bf8 31. Qf6 a3 32. g4 a2 33. h4 Rc1+ 34. Kg2 a1=Q 35. Qxa1 Rxa1 36. Rd8 0-1


[Site "https://www.chess.com"]

[Event "Titled Tuesday Blitz February 28 Late 2023"]
[White "Simonovic, Miroslav"]
[Black "Karamsetty, Jeevan"]
[WhiteFideId "919152"]
[BlackFideId "2025337"]
[WhiteElo "2057"]
[BlackElo "2111"]
[Result "0-1"]
[Round "06"]
[TimeControl "180+2"]
[Date "2023.02.28"]
[WhiteClock "0:00:02"]
[BlackClock "0:00:11"]

1. d4 Nf6 2. Bg5 e6 3. e4 Be7 4. Bxf6 Bxf6 5. e5 Be7 6. Qg4 Rg8 7. Bd3 g6 8. h4 h5 9. Qg3 Nc6 10. c3 d6 11. f4 dxe5 12. fxe5 Qd5 13. Nd2 Bd7 14. b4 Nxb4 15. Be4 Qa5 16. cxb4 Bxb4 17. Nf3 O-O-O 18. Qf2 Bb5 19. Qe3 c5 20. dxc5 Rxd2 21. Nxd2 Rd8 22. Rd1 Ba4 23. O-O Bxd1 24. Nb3 Qxa2 25. Rxf7 Qxb3 26. Bxb7+ Kb8 27. Qg5 Bxc5+ 28. Kh1 Bb6 29. Qe7 Bg4 30. Bf3 Qb1+ 31. Kh2 Bg1+ 32. Kg3 Qe1+ 33. Kf4 Qe3+ 34. Kg3 Qxe5+ 35. Rf4 Bh2+ 36. Kxh2 Qxf4+ 37. Kg1 Qd4+ 38. Kh1 Bxf3 39. gxf3 Qd5 40. Kg2 Rd7 41. Qf8+ Kc7 42. Qb4 Qc6 43. Qa5+ Kb7 44. Qb4+ Qb6 45. Qe4+ Rd5 46. Qxg6 Qd6 47. Qf7+ Kb6 48. Qe8 Rd2+ 49. Kf1 Qd3+ 50. Kg1 Qe3+ 51. Kh1 Qe1# 0-1


[Site "https://www.chess.com"]

[Event "Titled Tuesday Blitz February 28 Late 2023"]
[White "Dudzinski, Pawel"]
[Black "Chabris, Christopher"]
[WhiteFideId "1117890"]
[BlackFideId "2005263"]
[WhiteElo "2099"]
[BlackElo "2240"]
[Result "0-1"]
[Round "06"]
[TimeControl "180+2"]
[Date "2023.02.28"]
[WhiteClock "0:00:18"]
[BlackClock "0:00:10"]

1. e4 c5 2. Nc3 Nc6 3. g3 g6 4. Bg2 Bg7 5. d3 d6 6. Be3 Rb8 7. Qd2 b5 8. f4 b4 9. Nd1 e6 10. Ne2 Nge7 11. d4 Na5 12. dxc5 Nc4 13. Qc1 Nxe3 14. Qxe3 dxc5 15. Qxc5 Ba6 16. Qxa7 Qc8 17. Ne3 Bxb2 18. Rb1 Ra8 19. Qb6 Bc3+ 20. Kf2 O-O 21. Nxc3 Qxc3 22. Qxb4 Qc7 23. c4 Nc6 24. Qc3 g5 25. fxg5 Ne5 26. Rhc1 Rad8 27. Bf1 Bb7 28. Nd5 exd5 29. cxd5 Qd6 30. Rxb7 Rde8 31. Qc5 Qg6 32. Bg2 Qxg5 33. Rc3 Qd2+ 34. Kg1 Rc8 35. Qxc8 Rxc8 36. Rxc8+ Kg7 37. h4 Ng4 38. Rb1 Qf2+ 39. Kh1 Qxg3 40. Rc2 Qh2# 0-1


[Site "https://www.chess.com"]

[Event "Titled Tuesday Blitz February 28 Late 2023"]
[White "olga-belka"]
[Black "Papayan, Oleg"]
[BlackFideId "4193911"]
[WhiteElo "2210"]
[BlackElo "2153"]
[Result "0-1"]
[Round "06"]
[TimeControl "180+2"]
[Date "2023.02.28"]
[WhiteClock "0:00:04"]
[BlackClock "0:00:03"]

1. e4 d5 2. exd5 Qxd5 3. Nc3 Qd8 4. d4 c6 5. Nf3 Bf5 6. Bc4 e6 7. O-O Nd7 8. Re1 Be7 9. Bf4 Ngf6 10. a4 a5 11. h3 h6 12. Ne5 O-O 13. Qe2 Nb6 14. Bd3 Qxd4 15. Bxf5 Qxf4 16. Bxe6 fxe6 17. Ng6 Qd6 18. Nxf8 Bxf8 19. Qxe6+ Qxe6 20. Rxe6 Kf7 21. Re2 Bb4 22. Ne4 Rd8 23. c3 Be7 24. Nd2 Nfd5 25. g3 Bf6 26. Kg2 Ne7 27. f4 h5 28. g4 hxg4 29. hxg4 Ned5 30. Kf3 Rh8 31. Kg3 Be7 32. g5 Bd6 33. Rf1 Nxa4 34. Ne4 Bc7 35. Kg4 Nab6 36. f5 g6 37. Nc5 gxf5+ 38. Rxf5+ Kg6 39. Re6+ Kg7 40. Re2 Bd6 41. Ne6+ Kg6 42. Rff2 Nd7 43. Nd4 Ne5+ 44. Rxe5 Bxe5 45. Nf3 Ne3# 0-1


[Site "https://www.chess.com"]

[Event "Titled Tuesday Blitz February 28 Late 2023"]
[White "Wang, Alexander J"]
[Black "Przybylski, Wojciech"]
[WhiteFideId "30955270"]
[BlackFideId "1117599"]
[WhiteElo "2239"]
[BlackElo "2222"]
[Result "0-1"]
[Round "06"]
[TimeControl "180+2"]
[Date "2023.02.28"]
[WhiteClock "0:00:20"]
[BlackClock "0:00:52"]

1. e4 c5 2. Nf3 d6 3. d4 cxd4 4. Nxd4 Nf6 5. Nc3 a6 6. g3 h5 7. h4 Bg4 8. f3 Bd7 9. Bg2 e6 10. O-O Qc7 11. Be3 Be7 12. a4 Nc6 13. Nde2 Na5 14. b3 Rc8 15. Qd2 Nc6 16. Rfd1 O-O 17. Kh1 Ne5 18. a5 Bc6 19. Bb6 Qb8 20. Nd4 Ned7 21. Nce2 Nxb6 22. axb6 Bd7 23. c4 Bd8 24. Qb4 Rc5 25. Nc3 Be7 26. Na4 Bxa4 27. Rxa4 d5 28. cxd5 Qxg3 29. Qe1 Qe5 30. dxe6 Bd6 31. Kg1 fxe6 32. Rc4 Rxc4 33. bxc4 Bc5 34. Kh1 Bxd4 35. f4 Qxf4 36. Rxd4 Ng4 37. Qg1 Nf2+ 0-1


[Site "https://www.chess.com"]

[Event "Titled Tuesday Blitz February 28 Late 2023"]
[White "Plotkin, Victor"]
[Black "Matsuura, Frederico"]
[WhiteFideId "2606674"]
[BlackFideId "2107848"]
[WhiteElo "2214"]
[BlackElo "2302"]
[Result "1-0"]
[Round "06"]
[TimeControl "180+2"]
[Date "2023.02.28"]
[WhiteClock "0:00:26"]
[BlackClock "0:00:06"]

1. e4 e6 2. d4 d5 3. exd5 exd5 4. Bd3 Nc6 5. Nf3 Bg4 6. c3 Bd6 7. O-O Qf6 8. Nbd2 O-O-O 9. Qa4 Nge7 10. b4 Ng6 11. b5 Nb8 12. Qxa7 Nf4 13. Bc2 Rde8 14. Ba3 Re2 15. Bxd6 Qxd6 16. Bd1 Bxf3 17. Nxf3 Qg6 18. g3 Qg4 19. Ne5 Nh3+ 20. Kg2 Nf4+ 21. Kh1 Qh3 22. Rg1 Rxf2 23. Bg4+ 1-0


[Site "https://www.chess.com"]

[Event "Titled Tuesday Blitz February 28 Late 2023"]
[White "Dahlgren, James Allen"]
[Black "Sokolin, Leonid"]
[WhiteFideId "22256873"]
[BlackFideId "2009161"]
[WhiteElo "2188"]
[BlackElo "2394"]
[Result "0-1"]
[Round "06"]
[TimeControl "180+2"]
[Date "2023.02.28"]
[WhiteClock "0:01:39"]
[BlackClock "0:01:32"]

1. Nf3 Nf6 2. g3 g6 3. Bg2 Bg7 4. d3 O-O 5. e4 c5 6. O-O Nc6 7. c4 d6 8. Nc3 Bg4 9. h3 Bxf3 10. Bxf3 Nd7 11. Bg2 Rb8 12. f4 a6 13. Bd2 Nd4 14. a4 b5 15. axb5 axb5 16. cxb5 Nxb5 17. Qa4 Nd4 18. Rfb1 Nb3 19. Be3 Nxa1 20. Rxa1 Rxb2 21. Nd5 Nb6 22. Nxb6 Qxb6 23. Rd1 Qb3 24. Qxb3 Rxb3 25. Kf2 Rb2+ 26. Rd2 Rfb8 27. Bf3 Rxd2+ 28. Bxd2 Rb2 29. Ke1 Bd4 30. Bd1 Bf2+ 31. Kxf2 Rxd2+ 32. Be2 f6 33. Ke3 Rb2 34. Bd1 e5 35. fxe5 dxe5 36. h4 Kg7 37. Bg4 h5 38. Be6 g5 39. hxg5 fxg5 40. Kf3 g4+ 41. Ke3 Rg2 0-1


[Site "https://www.chess.com"]

[Event "Titled Tuesday Blitz February 28 Late 2023"]
[White "Sreyas Payyappat"]
[Black "Comas Fabrego, Lluis"]
[WhiteFideId "46674969"]
[BlackFideId "2200325"]
[WhiteElo "2083"]
[BlackElo "2523"]
[Result "1-0"]
[Round "06"]
[TimeControl "180+2"]
[Date "2023.02.28"]
[WhiteClock "0:00:04"]
[BlackClock "0:00:06"]

1. e4 c5 2. Nf3 d6 3. d4 cxd4 4. Nxd4 Nf6 5. Nc3 g6 6. f4 Nc6 7. Be3 Bg7 8. Be2 O-O 9. Qd3 e5 10. Nxc6 bxc6 11. O-O-O Ng4 12. Bxg4 Bxg4 13. Rd2 exf4 14. Bxf4 Qa5 15. Bxd6 Rfd8 16. a3 Be5 17. Bb4 Qb6 18. Qf1 Rxd2 19. Kxd2 Rd8+ 20. Kc1 c5 21. Na4 Qc6 22. Nxc5 Bd6 23. Qf6 Rc8 24. Rf1 Be6 25. Bc3 1-0


[Site "https://www.chess.com"]

[Event "Titled Tuesday Blitz February 28 Late 2023"]
[White "Chemin, Justo Reinaldo"]
[Black "Rego, Pedro Filipe"]
[WhiteFideId "2101580"]
[BlackFideId "1904310"]
[WhiteElo "1940"]
[BlackElo "2193"]
[Result "0-1"]
[Round "06"]
[TimeControl "180+2"]
[Date "2023.02.28"]
[WhiteClock "0:00:13"]
[BlackClock "0:00:09"]

1. d4 Nf6 2. Nf3 d5 3. Bf4 c5 4. e3 Nc6 5. c3 Qb6 6. Qb3 c4 7. Qc2 Bf5 8. Qc1 e6 9. h3 Be7 10. Nbd2 h6 11. Be2 O-O 12. O-O Qa5 13. Bd1 b5 14. Bc2 b4 15. Bxf5 exf5 16. Ne5 Nxe5 17. Bxe5 bxc3 18. bxc3 Nd7 19. Bh2 Nb6 20. Qc2 g6 21. a4 Nc8 22. g4 fxg4 23. hxg4 Bd6 24. e4 Bxh2+ 25. Kxh2 dxe4 26. Nxe4 f5 27. Nc5 Nd6 28. Rae1 Rae8 29. Nd7 Qd8 30. Nxf8 Qh4+ 31. Kg1 Qxg4+ 32. Kh2 Qh4+ 33. Kg1 Rxf8 34. Re6 Qg4+ 35. Kh2 Ne4 36. Qd1 Qf4+ 37. Kg2 Qg5+ 38. Kh1 Qh4+ 39. Kg2 Ng5 40. Re3 f4 41. Rf3 Qg4+ 42. Kh1 Nxf3 0-1


[Site "https://www.chess.com"]

[Event "Titled Tuesday Blitz February 28 Late 2023"]
[White "Buchenau, Frank"]
[Black "Marcolino, Daniel Mattos"]
[WhiteFideId "4604350"]
[BlackFideId "2106841"]
[WhiteElo "2157"]
[BlackElo "2127"]
[Result "1-0"]
[Round "06"]
[TimeControl "180+2"]
[Date "2023.02.28"]
[WhiteClock "0:01:48"]
[BlackClock "0:01:13"]

1. e4 c6 2. Nf3 d5 3. Nc3 Bg4 4. h3 Bxf3 5. Qxf3 Nf6 6. d3 e6 7. Bd2 Bb4 8. a3 Bxc3 9. Bxc3 d4 10. Bd2 c5 11. g4 Nc6 12. g5 Nd7 13. h4 Nde5 14. Qg3 Qe7 15. f4 Nd7 16. O-O-O O-O-O 17. h5 e5 18. f5 f6 19. h6 Kb8 20. Be2 Rdg8 21. Rdg1 b5 22. g6 hxg6 23. h7 Rc8 24. Qxg6 Nf8 25. Qxg7 Qxg7 26. Rxg7 Rc7 27. Rg8 1-0


[Site "https://www.chess.com"]

[Event "Titled Tuesday Blitz February 28 Late 2023"]
[White "Fernandez Garcia, Gumersindo"]
[Black "Urbina Perez, Juan Antonio"]
[WhiteFideId "24516740"]
[BlackFideId "2217368"]
[WhiteElo "2093"]
[BlackElo "2197"]
[Result "0-1"]
[Round "06"]
[TimeControl "180+2"]
[Date "2023.02.28"]
[WhiteClock "0:00:16"]
[BlackClock "0:00:16"]

1. e4 e6 2. d4 d5 3. Bd3 dxe4 4. Bxe4 Nf6 5. Bf3 Bd6 6. Ne2 c6 7. c4 O-O 8. Nbc3 Nbd7 9. O-O e5 10. Bg5 h6 11. Bh4 Qc7 12. Bg3 exd4 13. Qxd4 Bxg3 14. Nxg3 Nb6 15. Rad1 Be6 16. b3 Rad8 17. Qh4 Rxd1 18. Rxd1 Rd8 19. Nge4 Rxd1+ 20. Bxd1 Nbd7 21. h3 Qe5 22. Qg3 Qd4 23. Nxf6+ Nxf6 24. Qe3 Qxe3 25. fxe3 Bf5 26. Bf3 Kf8 27. Kf2 Ke7 28. e4 Be6 29. Ke3 Nd7 30. Ne2 Ne5 31. Nd4 g5 32. Be2 c5 33. Nb5 a6 34. Nc7 Kd6 35. Nd5 Bxd5 36. exd5 f5 37. g3 Nf7 38. Bh5 Ne5 39. Be2 Ke7 40. h4 Nf7 41. hxg5 hxg5 42. Bh5 Nd6 43. Be2 Kf6 44. Bd3 Ke5 45. Bb1 b5 46. Bd3 bxc4 47. Bxc4 a5 48. Kf3 Ne4 49. Kg2 Nf6 50. Kf3 Nxd5 51. Bd3 Nc3 52. a3 Nd5 53. Bc4 g4+ 54. Kf2 Nf6 55. Bd3 Ne4+ 56. Kg2 Kd4 57. Bb1 Kc3 0-1


[Site "https://www.chess.com"]

[Event "Titled Tuesday Blitz February 28 Late 2023"]
[White "Sanchez, Robert"]
[Black "Kovacs, Klara"]
[WhiteFideId "2034360"]
[BlackFideId "733210"]
[WhiteElo "2431"]
[BlackElo "2179"]
[Result "0-1"]
[Round "06"]
[TimeControl "180+2"]
[Date "2023.02.28"]
[WhiteClock "0:01:10"]
[BlackClock "0:01:35"]

1. e4 e6 2. d4 d5 3. Nc3 Nf6 4. Bg5 Be7 5. e5 Nfd7 6. h4 h6 7. Bxe7 Qxe7 8. Qg4 Kf8 9. Rh3 a6 10. Rf3 c5 11. Nh3 cxd4 12. Qxd4 Nc6 13. Qd2 Ndxe5 14. Rg3 Qxh4 15. O-O-O Bd7 16. Kb1 Rc8 17. Be2 Nc4 18. Bxc4 Qxc4 19. Ne2 Nb4 20. Nc3 g6 21. a3 Nc6 22. Rf3 Kg7 23. Rf4 Qc5 24. Ne4 dxe4 25. Qxd7 Ne5 26. Qd2 Rhd8 27. Qc1 Rxd1 28. Qxd1 e3 29. c3 exf2 30. Rxf2 Nc4 31. Qf3 Qf5+ 0-1


[Site "https://www.chess.com"]

[Event "Titled Tuesday Blitz February 28 Late 2023"]
[White "Haszon, David"]
[Black "Szente Varga, Fruzsina"]
[WhiteFideId "733610"]
[BlackFideId "712264"]
[WhiteElo "2210"]
[BlackElo "1994"]
[Result "0-1"]
[Round "06"]
[TimeControl "180+2"]
[Date "2023.02.28"]
[WhiteClock "0:00:08"]
[BlackClock "0:00:04"]

1. e4 Nf6 2. e5 Nd5 3. c4 Nb6 4. c5 Nd5 5. Nc3 Nxc3 6. bxc3 d6 7. cxd6 exd6 8. exd6 Bxd6 9. d4 O-O 10. Bd3 Re8+ 11. Ne2 c5 12. O-O Bg4 13. Qc2 Qh4 14. Ng3 Nc6 15. Be3 cxd4 16. cxd4 Rac8 17. Qb3 b6 18. Rac1 Na5 19. Qd5 Rcd8 20. Qb5 Bd7 21. Qb1 Bf4 22. Bxf4 Qxf4 23. Bxh7+ Kh8 24. Bf5 Qxd4 25. Rfd1 Qa4 26. Bc2 Qg4 27. h3 Qg5 28. Qb4 Bc6 29. Bb1 Ba8 30. Re1 Nc6 31. Qa4 Rxe1+ 32. Rxe1 Qf6 33. Qc2 g6 34. Nh5 Qd4 35. Ng3 Nb4 36. Qe2 Qd5 37. Qb2+ Kg8 38. Qxb4 Qxg2# 0-1


[Site "https://www.chess.com"]

[Event "Titled Tuesday Blitz February 28 Late 2023"]
[White "Pino Perez, Lazaro"]
[Black "Gatterer, Florian"]
[WhiteFideId "3517055"]
[BlackFideId "811688"]
[WhiteElo "2170"]
[BlackElo "2221"]
[Result "0-1"]
[Round "06"]
[TimeControl "180+2"]
[Date "2023.02.28"]
[WhiteClock "0:00:04"]
[BlackClock "0:00:05"]

1. d4 Nf6 2. Bf4 c5 3. d5 d6 4. Nc3 g6 5. e4 Bg7 6. Nf3 O-O 7. a4 Bg4 8. Be2 Nbd7 9. O-O a6 10. Nd2 Bxe2 11. Qxe2 e6 12. dxe6 fxe6 13. Bxd6 Re8 14. Rad1 b5 15. axb5 axb5 16. Nxb5 Nb6 17. Bc7 Qd7 18. Bxb6 Rab8 19. Nc7 Rec8 20. Nc4 Qc6 21. Rd6 Qb7 22. e5 Nd5 23. Na5 Nf4 24. Qg4 Qe4 25. Kh1 Rxb6 26. Rxb6 Rxc7 27. Rxe6 Rf7 28. Nc6 Bf8 29. Rd1 h5 30. Qf3 Qxf3 31. gxf3 Nxe6 32. Nd8 Nxd8 33. Rxd8 Kg7 34. Kg2 Re7 35. f4 Kf7 36. Kf3 Bh6 37. Rd6 Re6 38. Rd7+ Re7 39. Rd5 Rc7 40. Rd6 Bf8 41. Rf6+ Kg7 42. Ke4 Be7 43. Re6 Kf7 44. Ra6 Rb7 45. b3 c4 46. bxc4 Rc7 47. Kd5 Rc5+ 48. Kd4 Rc7 49. Ra5 Rc6 50. Rd5 Ke6 51. Ra5 Bf8 52. Ra8 Bc5+ 53. Ke4 Be7 54. Ra7 Rxc4+ 55. Kd3 Rc6 56. Ra5 Bc5 57. Ke4 Be7 58. Ra8 Rxc2 59. Rg8 Kf7 60. Ra8 Rxf2 61. Ra6 Re2+ 62. Kf3 Rxh2 63. Ke4 Re2+ 64. Kf3 Rd2 65. Ke3 Rb2 66. Ke4 Rb4+ 67. Kf3 h4 68. Ra7 Rb3+ 69. Kg4 Rg3# 0-1


[Site "https://www.chess.com"]

[Event "Titled Tuesday Blitz February 28 Late 2023"]
[White "Tsyhanchuk, Stanislav"]
[Black "Benaddi, Mouhcine"]
[WhiteFideId "13505130"]
[BlackFideId "9001050"]
[WhiteElo "2173"]
[BlackElo "2036"]
[Result "1-0"]
[Round "06"]
[TimeControl "180+2"]
[Date "2023.02.28"]
[WhiteClock "0:01:30"]
[BlackClock "0:00:58"]

1. c4 Nf6 2. Nc3 g6 3. e4 d6 4. d4 Bg7 5. f4 c5 6. Nf3 cxd4 7. Nxd4 Nc6 8. Nf3 Bg4 9. Be2 Qb6 10. Na4 Qa5+ 11. Bd2 Qc7 12. Nc3 Bxf3 13. Bxf3 Nd4 14. O-O Nxf3+ 15. Qxf3 Qxc4 16. Kh1 Qc6 17. Rac1 Qa6 18. e5 Nd7 19. exd6 Qxd6 20. Nb5 Qxd2 21. Nc7+ Kf8 22. Nxa8 Bxb2 23. Rcd1 Qa5 1-0


[Site "https://www.chess.com"]

[Event "Titled Tuesday Blitz February 28 Late 2023"]
[White "Estrada Nieto, Julian"]
[Black "Torres Dominguez, David"]
[WhiteFideId "5101018"]
[BlackFideId "2220857"]
[WhiteElo "2176"]
[BlackElo "1999"]
[Result "0-1"]
[Round "06"]
[TimeControl "180+2"]
[Date "2023.02.28"]
[WhiteClock "0:00:01"]
[BlackClock "0:00:18"]

1. e4 e5 2. Nf3 Nc6 3. Bb5 Nge7 4. Nc3 g6 5. d4 exd4 6. Nd5 Bg7 7. Bg5 h6 8. Bf6 Bxf6 9. Nxf6+ Kf8 10. Qd2 d5 11. exd5 Nxd5 12. Nxd5 Qxd5 13. Bxc6 Qxc6 14. Qxd4 Qe6+ 15. Kf1 Kg8 16. Re1 Qc6 17. Ne5 Qf6 18. Nf3 Kg7 19. Re7 Be6 20. Rxc7 Rad8 21. Qxf6+ Kxf6 22. Ke2 Rhe8 23. Ke3 g5 24. Rc5 Bc4+ 25. Ne5 Rxe5+ 26. Rxe5 Kxe5 27. b3 Be6 28. h4 Kf6 29. hxg5+ hxg5 30. g3 g4 31. Rh5 Kg6 32. Rc5 Rd7 33. a4 b6 34. Rc6 Kg7 35. a5 bxa5 36. Rc5 Rd5 37. Rc7 Rd7 38. Rc5 a4 39. bxa4 Rb7 40. Ra5 Kf6 41. Kd4 Rb4+ 42. Kc3 Rc4+ 43. Kd3 Rc7 44. Ra6 Kg5 45. Ra5+ Kg6 46. c3 Bf5+ 47. Kd4 Be6 48. Ra6 Rc4+ 49. Kd3 Rc7 50. Kd4 Rd7+ 51. Ke4 Kg5 52. Ra5+ Kf6 53. Ra6 Rc7 54. Kd4 Ke7 55. Ra5 Kd7 56. Ra6 Kc8 57. Kd3 Bc4+ 0-1


[Site "https://www.chess.com"]

[Event "Titled Tuesday Blitz February 28 Late 2023"]
[White "Eckert, Doug"]
[Black "Poeta, Caio Medeiros"]
[WhiteFideId "2001993"]
[BlackFideId "2142660"]
[WhiteElo "2202"]
[BlackElo "2191"]
[Result "1-0"]
[Round "06"]
[TimeControl "180+2"]
[Date "2023.02.28"]
[WhiteClock "0:00:15"]
[BlackClock "0:00:23"]

1. d4 Nf6 2. c4 c5 3. d5 b5 4. cxb5 a6 5. bxa6 g6 6. Nc3 Bg7 7. e4 O-O 8. Nf3 d6 9. Be2 Nbd7 10. O-O Qb6 11. a4 Bxa6 12. Nd2 Ne5 13. Bb5 Rfb8 14. Qc2 Qa5 15. Ra3 Bxb5 16. axb5 Qb6 17. Rxa8 Rxa8 18. b3 e6 19. Nc4 Qc7 20. Bf4 Nfd7 21. Rd1 exd5 22. Nxd5 Qb8 23. Ne7+ Kh8 24. Nxd6 h5 25. h3 Qf8 26. Nc6 Kh7 27. Nc4 Qe8 28. N6xe5 Nxe5 29. Nxe5 Bxe5 30. Bxe5 Qxe5 31. b6 Rb8 32. Qc4 Kg7 33. Rd7 Qa1+ 34. Kh2 Qe5+ 35. g3 Qf6 36. b7 Qxf2+ 37. Kh1 Qf3+ 38. Kh2 Re8 39. Qc3+ Kg8 40. Qxf3 1-0


[Site "https://www.chess.com"]

[Event "Titled Tuesday Blitz February 28 Late 2023"]
[White "Bilan, Danila"]
[Black "Lalanne, Pablo"]
[WhiteFideId "24161918"]
[BlackFideId "112151"]
[WhiteElo "2182"]
[BlackElo "2120"]
[Result "1-0"]
[Round "06"]
[TimeControl "180+2"]
[Date "2023.02.28"]
[WhiteClock "0:00:10"]
[BlackClock "0:00:37"]

1. d4 Nf6 2. Nf3 e6 3. g3 d5 4. Bg2 c5 5. O-O Nc6 6. c4 Be7 7. Nc3 O-O 8. cxd5 exd5 9. dxc5 Bxc5 10. Bg5 d4 11. Na4 Be7 12. Rc1 h6 13. Bxf6 Bxf6 14. Nc5 Re8 15. Qb3 Rxe2 16. Nxb7 Bxb7 17. Qxb7 Na5 18. Qb5 d3 19. b4 Rxa2 20. bxa5 Rxa5 21. Qc4 Rb8 22. Rfd1 Ra3 23. Bf1 Rbb3 24. Qc8 Qxc8 25. Rxc8+ Kh7 26. Ne1 d2 27. Nc2 Ra5 28. Rxd2 Rb1 29. Kg2 g6 30. Rd7 Kg7 31. Bc4 g5 32. Rxf7+ Kg6 33. Rc6 1-0


[Site "https://www.chess.com"]